Map: Astillero orbital

Players

xXkazperXx

  • Race: Zerg Zerg
  • League: Bronze

Beansplitter - Winner!

  • Race: Protoss Protoss
  • League: Bronze

VOD

Have the link to the VOD?

Description

Time

  • Played on: March 17, 2016, 8:50 a.m.
  • Length: 10:13
Show
View Real Time Build Order
Export as new Build Order

xXkazperXx Zerg 

Build Orders: Pool First 

Get SALT Encoding   

  12  0:01  Drone  
  13  0:08  Drone  
  14  0:18  Overlord  
  14  0:36  Spawning Pool  
  14  0:41  Extractor  
  12  0:43  Drone x2  
  12  0:47  Drone  
  15  1:24  Roach Warren  
  14  1:27  Zergling x6  
  14  1:30  Queen  
  19  1:52  Drone x2  
  21  2:02  Overlord  
  21  2:22  Hatchery  
  18  2:43  Zergling x10  
  18  2:44  Zergling x2  
  24  2:51  Burrow  
  24  2:58  Extractor  
  24  3:04  Roach  
  25  3:10  Baneling Nest  
  24  3:27  Drone x4  
  22  3:53  Zergling x6  
  24  4:02  Drone x3  
  27  4:11  Lair  
  27  4:17  Drone  
  28  4:20  Drone  
  28  4:22  Drone  
  30  4:26  Drone  
  30  4:31  Drone  
  32  4:45  Baneling  
  32  4:46  Baneling x5  
  32  4:50  Zergling x4  
  32  4:51  Zergling x4  
  36  5:03  Overlord  
  36  5:10  Spine Crawler  
  35  5:15  Spine Crawler  
  35  5:16  Drone x3  
  36  5:40  Drone  
  36  5:41  Drone  
  38  5:46  Hatchery, Baneling x4  
  37  5:51  Drone x3  
  39  6:24  Drone x3  
  42  6:26  Drone  
  42  6:27  Overlord x2  
  43  6:49  Hatchery  
  43  6:51  Pneumatized Carapace  
  42  7:08  Hydralisk Den  
  41  7:28  Roach x3  
  47  7:32  Roach x3  
  47  7:33  Roach  
  47  7:34  Roach x2  
  59  7:45  Tunneling Claws  
  59  7:50  Drone  
  59  7:51  Drone x3  
  63  7:54  Extractor  
  63  7:58  Extractor, Hydralisk x2  
  61  8:00  Hydralisk  
  67  8:05  Overlord  
  67  8:15  Drone x2  
  69  8:25  Muscular Augments  
  69  8:27  Hydralisk x3  
  69  8:29  Hydralisk x2  
  69  8:33  Overlord  
  79  8:39  Drone  
  80  8:44  Extractor, Drone  
  80  9:05  Queen  
  80  9:07  Drone x3  
  85  9:20  Drone x3  
  88  9:32  Drone  
  88  9:43  Baneling x4  
Show
View Real Time Build Order
Export as new Build Order

Beansplitter Protoss - Winner!

Build Orders:  

Get SALT Encoding   

  12  0:02  Probe (Chrono Boost)  
  13  0:20  Pylon  
  13  0:28  Probe (Chrono Boost)  
  14  0:38  Probe (Chrono Boost)  
  14  0:41  Gateway  
  15  0:46  Assimilator  
  15  0:49  Probe (Chrono Boost)  
  16  0:59  Probe (Chrono Boost)  
  17  1:09  Assimilator  
  17  1:10  Probe (Chrono Boost)  
  18  1:15  Pylon  
  18  1:20  Probe (Chrono Boost)  
  19  1:31  Probe (Chrono Boost)  
  19  1:32  Zealot (Chrono Boost)  
  22  1:39  Cybernetics Core  
  22  1:44  Forge  
  22  1:54  Probe  
  22  1:58  Zealot (Chrono Boost)  
  25  2:07  Probe  
  26  2:16  Warp Gate  
  26  2:18  Protoss Shields Level 1  
  26  2:43  Zealot (Chrono Boost)  
  28  2:57  Twilight Council  
  28  3:00  Pylon  
  28  3:07  Zealot (Chrono Boost)  
  30  3:16  Nexus  
  30  3:28  Gateway  
  30  3:30  Zealot (Chrono Boost)  
  32  3:35  Pylon  
  30  3:52  Charge  
  30  3:57  Adept (Chrono Boost)  
  32  4:20  Adept (Chrono Boost)  
  32  4:21  Adept (Chrono Boost)  
  36  4:29  Probe  
  37  4:39  Probe  
  37  4:41  Probe  
  37  4:44  Adept (Chrono Boost)  
  41  4:51  Probe  
  42  4:53  Probe  
  43  5:03  Probe  
  43  5:05  Probe  
  45  5:16  Probe  
  45  5:17  Probe  
  46  5:28  Probe  
  47  5:30  Sentry (Chrono Boost)  
  47  5:34  Zealot (Chrono Boost)  
  51  5:40  Mothership Core  
  53  5:53  Sentry (Chrono Boost)  
  55  5:57  Zealot (Chrono Boost)  
  55  6:15  Protoss Ground Armor Level 1  
  55  6:16  Adept (Chrono Boost)  
  57  6:21  Zealot (Chrono Boost)  
  57  6:22  Resonating Glaives  
  59  6:26  Probe  
  60  6:34  Assimilator  
  60  6:38  Probe  
  60  6:39  Assimilator  
  61  6:43  Pylon x2  
  61  6:45  Pylon  
  61  6:49  Pylon  
  61  6:50  Pylon, Probe  
  61  6:51  Pylon  
  66  7:01  Adept (Chrono Boost), Zealot (Chrono Boost)  
  66  7:02  Probe  
  67  7:10  Templar Archives  
  67  7:12  Dark Shrine  
  67  7:14  Probe  
  68  7:25  Adept (Chrono Boost), Zealot (Chrono Boost)  
  72  7:48  Adept (Chrono Boost)  
  74  7:54  Robotics Facility  
  74  7:57  Stalker (Chrono Boost)  
  76  8:09  Protoss Ground Weapons Level 1  
  76  8:12  Stalker (Chrono Boost)  
  78  8:23  Stalker (Chrono Boost)  
  78  8:26  Psionic Storm  
  80  8:30  Probe  
  81  8:38  Stalker (Chrono Boost)  
  83  8:43  Probe  
  83  8:45  Observer  
  85  8:49  Stalker (Chrono Boost)  
  85  8:55  Probe  
  88  9:04  Stalker (Chrono Boost)  
  88  9:06  Observer  
  91  9:15  Stalker (Chrono Boost)  
  93  9:30  Stalker (Chrono Boost)  
  95  9:41  Stalker (Chrono Boost)  
Tags
 
Add a new tag
Caveats
  • Supply blocks, unpowered buildings, or Contaminate may cause inaccurate times.
  • Supply counts are checked every 10 seconds.